 Dungeon Crawl Stone Soup version 0.21.1-1-g345015f (webtiles) character file.

32 inc the Scratcher (level 3, 15/15 HPs)
             Began as a Felid Transmuter on Mar 14, 2018.
             Quit the game on level 3 of the Dungeon.
             The game lasted 00:01:51 (1816 turns).

inc the Scratcher (Felid Transmuter)                Turns: 1816, Time: 00:01:52

Health: 15/15      AC:  1    Str:  6    XL:     3   Next: 8%
Magic:  7/7        EV: 18    Int: 14    God:
Gold:   63         SH:  0    Dex: 17    Spells: 5/6 levels left
                                        Lives:  0   Deaths: 1

rFire    . . .     SeeInvis +     - Unarmed
rCold    . . .     Gourm    .   (shield unavailable)
rNeg     . . .     Faith    .   (armour unavailable)
rPois    .         Spirit   .   (helmet unavailable)
rElec    .         Reflect  .   (cloak unavailable)
rCorr    .         Harm     .   (gloves unavailable)
MR       .....                  (boots unavailable)
Stlth    ++........             (no amulet)
HPRegen  0.05/turn              (no ring)
MPRegen  0.10/turn              (no ring)

@: quick
A: very small, no armour, no weapons or thrown items, stealth, claws 1, fangs 3,
see invisible, carnivore, speed 1, shaggy fur 1, slow metabolism 1, sharp paws
a: no special abilities


You were on level 3 of the Dungeon.
You were not hungry.

You visited 1 branch of the dungeon, and saw 3 of its levels.

You collected 63 gold pieces.

Inventory:

Missiles
 a - 51 arrows
Jewellery
 e - a cursed ring of teleportation {unknown}
Scrolls
 d - 2 scrolls of identify {unknown}
 f - a scroll of fear {unknown}
 g - a scroll of magic mapping {unknown}
 h - a scroll of fog {unknown}
 p - 2 scrolls of random uselessness {unknown}
Potions
 i - a potion of might {unknown}
 j - a potion of flight {unknown}
 k - a potion of curing {unknown}
 l - a potion of mutation {unknown}
 m - a potion of lignification {unknown}
 n - a potion of berserk rage {unknown}
 o - 2 potions of cancellation {unknown}
Books
 b - a book of Changes

   Spells                             Type                      Level
   a - Beastly Appendage              Transmutation                1
   b - Sticks to Snakes               Transmutation                2
   c - Spider Form                    Transmutation/Poison         3
   d - Ice Form                       Ice/Transmutation            4
   e - Blade Hands                    Transmutation                5
Comestibles
 c - 7 rations


   Skills:
 - Level 1.0 Fighting
 - Level 2.6 Dodging
 + Level 5.0 Unarmed Combat
 - Level 2.0 Spellcasting
 - Level 2.1 Transmutations


You had 5 spell levels left.
You knew the following spells:

 Your Spells              Type           Power        Failure   Level  Hunger
a - Beastly Appendage     Tmut           #.....       10%         1    ##.....


Dungeon Overview and Level Annotations

Branches:
Dungeon (2/15)

Altars:

Annotations:
D:3 dscm's ghost, weakling OpNe


Innate Abilities, Weirdness & Mutations

You cannot wear armour.
You are incapable of wielding weapons or throwing items.
Your paws allow you to move quietly. (Stealth)
You have sharp claws.
You have razor-sharp teeth.
You have supernaturally acute eyesight. (SInv)
You are carnivorous and can eat meat at any time.
You cover ground quickly.
You are covered in fur. (AC +1)
You have a slow metabolism.
Your sharp claws are effective at attacking unaware monsters.


Message History

Dscm's ghost (weakling Octopode Necromancer) comes into view.
You hear the rusting of a distant drain.
There is a stone staircase leading down here.
Dscm's ghost whispers, "The ORB doesn't exist."
A bat comes into view.
The bat hits you but does no damage.
Dscm's ghost stares at you and mumbles some strange words.
Pain shoots through your body!
Ouch! That really hurt!
* * * LOW HITPOINT WARNING * * *
You claw the bat!
You kill the bat!
Dscm's ghost stares at you and mumbles some strange words.
Pain shoots through your body!
Ouch! That really hurt!
You die...
You are now level 3!
You rejoin the land of the living...
Unknown command.
Are you sure you want to abandon this character and quit the game? (Confirm with "yes".)

###########
#.....@...#
...#######.#
## ##.


There were no monsters in sight!

Vanquished Creatures
  A worker ant (D:3)
  An adder (D:2)
  A dart slug (D:1)
  2 giant cockroaches (D:1)
  5 hobgoblins
  4 jackals (D:1)
  A quokka (D:2)
  5 bats
  3 frilled lizards
  4 goblins (D:1)
  6 kobolds
  7 rats
40 creatures vanquished.

Notes
Turn   | Place    | Note
-------+----------+-------------------------------------------
     0 | D:1      | inc the Felid Transmuter began the quest for the Orb.
     0 | D:1      | Reached XP level 1. HP: 9/9 MP: 4/4
   240 | D:1      | Reached XP level 2. HP: 9/12 MP: 6/6
   648 | D:1      | Reached skill level 4 in Unarmed Combat
   904 | D:1      | Reached XP level 3. HP: 12/15 MP: 7/7
  1581 | D:2      | You fall through a shaft!
  1588 | D:3      | Reached skill level 5 in Unarmed Combat
  1588 | D:3      | Reached XP level 4. HP: 13/19 MP: 8/8
  1787 | D:3      | Noticed dscm's ghost (weakling OpNe)
  1815 | D:3      | Killed from afar by dscm's ghost
  1816 | D:3      | Reached XP level 3. HP: -10/15 MP: 7/7
  1816 | D:3      | Quit the game

Skill      XL: |  1  2  3 |
---------------+----------+-----
Unarmed Combat | 4 5 |  5.0
Fighting       | |  1.0
Dodging        | |  2.6
Spellcasting   | |  2.0
Transmutations | |  2.1

Action                   |  1- 3 |  4- 6 || total
-------------------------+-------+-------++-------
Melee: Unarmed           |   102 |     5 ||   107
       Bite              |     3 |       ||     3
       Punch             |     1 |       ||     1
 Stab: Distracted        |     1 |     1 ||     2
       Sleeping          |     3 |       ||     3
Armor: Skin              |     7 |     1 ||     8
Dodge: Dodged            |    86 |     2 ||    88
